 Dungeon Crawl Stone Soup version 0.17-a0-1804-gf6433eb (webtiles) character file.

682396 achirane the Slayer (level 27, -1/237 HPs)
             Began as a Formicid Fighter on Sept 9, 2015.
             Was the Champion of Okawaru.
             Splashed by an acid blob's acid (5 damage)
             ... created by the royal jelly
             ... on level 6 of the Pits of Slime on Sept 11, 2015.
             The game lasted 10:54:50 (87016 turns).

achirane the Slayer (Formicid Fighter)             Turns: 87016, Time: 10:54:50

Health: -1/237     AC: 32    Str: 40 (41) XL:     27
Magic:  35/38      EV: 15    Int:  6      God:    Okawaru [******]
Gold:   7969       SH: 26    Dex: 19      Spells: 3 memorised, 31 levels left

rFire  + + +     SeeInvis +     a - +9 executioner's axe (flame)
rCold  + + +     Clarity  .     R - +9 ice dragon armour
rNeg   + + +     SustAt   .     V - -1 large shield of the Evening Star {rF++ rC+ Dex+3 Stlth-}
rPois  ∞         Gourm    .     (helmet unavailable)
rElec  +         Spirit   .     M - +2 cloak {MR+}
rCorr  +         Warding  .     B - +2 pair of gloves {Str+3}
rMut   .         Stasis   +     i - +2 pair of boots {run}
MR     +++++                    m - amulet of the Hundredfold Wishes {rCorr rElec rF+ Int+2 Dex+3}
Stlth  +.........               p - ring of Fodum {+Inv rPois rF+ MR++ Int-5}
                                L - ring "Yliurch" {rF+ rN+ Slay+5 Stlth+}

@: mighty, agile, lich-form, corroded equipment, quick, almost entirely
resistant to hostile enchantments, very unstealthy
A: permanent stasis, dig shafts and tunnels, four strong arms, antennae 3,
clumsy 1, deterioration 1, spit poison 1
a: Dig, Shaft Self, Spit Poison, End Transformation, Heroism, Renounce Religion,
Evoke Invisibility
}: 3/15 runes: decaying, serpentine, silver


You were on level 6 of the Pits of Slime.
You worshipped Okawaru.
Okawaru was exalted by your worship.
You were not hungry.
You were a lich.
You visited 12 branches of the dungeon, and saw 62 of its levels.
You visited the Abyss 1 time.
You also visited: Labyrinth, Ice Cave, Volcano and Wizlab.

You collected 9672 gold pieces.
You spent 1703 gold pieces at shops.

Inventory:

Hand weapons
 a - a +9 executioner's axe of flaming (weapon)
 b - the +11 broad axe "Jawev" {freeze, MR++ Str-4 Dex+4 SInv}
   (Okawaru gifted it to you on level 4 of the Depths)

   It has been specially enchanted to freeze those struck by it, causing extra
   injury to most foes and up to half again as much damage against particularly
   susceptible opponents.
   It can also slow down cold-blooded creatures.
   It affects your strength (-4).
   It affects your dexterity (+4).
   It affects your resistance to hostile enchantments.
   It lets you see invisible.
 y - a +3 blowgun
 N - the +7 great mace "Undeadhunter" {disrupt, rN+}
   (You found it on level 3 of the Crypt)

   It protects you from negative energy.
 T - a +2 antimagic battleaxe
Missiles
 j - 4 needles of frenzy
 l - 9 curare-tipped needles
 D - 7 needles of confusion
 P - 6 needles of sleeping
 Z - 19 javelins of penetration (quivered)
Armour
 i - a +2 pair of boots of running (worn)
 B - a +2 pair of gloves of strength (worn)
 M - a +2 cloak of magic resistance (worn)
 R - a +9 ice dragon armour (worn)
 V - the -1 large shield of the Evening Star (worn) {rF++ rC+ Dex+3 Stlth-}
   (Okawaru gifted it to you on level 3 of the Elven Halls)

   It affects your dexterity (+3).
   It greatly protects you from fire.
   It protects you from cold.
   It makes you less stealthy.
Jewellery
 k - a +6 ring of intelligence
 m - the amulet of the Hundredfold Wishes (around neck) {rCorr rElec rF+ Int+2 Dex+3}
   (You took it off a frost giant on level 5 of the Depths)

   [amulet of resist corrosion]

   It protects you from acid and corrosion.
   It affects your intelligence (+2).
   It affects your dexterity (+3).
   It protects you from fire.
   It insulates you from electricity.
 p - the ring of Fodum (right hand) {+Inv rPois rF+ MR++ Int-5}
   (You took it off a deep elf high priest on level 3 of the Elven Halls)

   [ring of poison resistance]

   It affects your intelligence (-5).
   It protects you from fire.
   It protects you from poison.
   It affects your resistance to hostile enchantments.
   It lets you turn invisible.
 A - the ring "Exo Deesa" {Wiz +Inv Int+2}
   (You found it on level 5 of the Depths)

   [ring of wizardry]

   It improves your spell success rate.
   It affects your intelligence (+2).
   It lets you turn invisible.
 L - the ring "Yliurch" (left hand) {rF+ rN+ Slay+5 Stlth+}
   (You took it off a fire giant on level 5 of the Depths)

   [ring of positive energy]

   It affects your accuracy and damage with ranged weapons and melee attacks
   (+5).
   It protects you from fire.
   It protects you from negative energy.
   It makes you more stealthy.
 X - an uncursed amulet of clarity
Magical devices
 v - a wand of digging (11)
 x - a wand of fire (8)
 G - a wand of lightning (1)
 J - a wand of cold (3)
 W - a wand of heal wounds (0)
 Y - a wand of disintegration (12)
Scrolls
 c - 7 scrolls of magic mapping
 f - 12 scrolls of fog
 h - a scroll of summoning
 o - 3 scrolls of fear
 t - 12 scrolls of identify
 w - 19 scrolls of remove curse
 E - 8 scrolls of recharging
Potions
 d - 6 potions of agility
 g - 19 potions of curing
 n - 7 potions of heal wounds
 r - 4 potions of resistance
 z - 5 potions of flight
 H - 11 potions of might
Comestibles
 e - 23 bread rations


   Skills:
 - Level 23.8 Fighting
 + Level 20.6 Axes
 + Level 20.9 Armour
 - Level 21.0 Shields
 - Level 11.6 Spellcasting
 - Level 12.7 Charms
 - Level 20.0 Necromancy
 - Level 20.6 Transmutations


You had 31 spell levels left.
You knew the following spells:

 Your Spells              Type           Power        Failure   Level  Hunger
a - Repel Missiles        Chrm/Air       ##....       2%          2    N/A
b - Discord               Hex            #.........   100%        8    N/A
c - Necromutation         Trmt/Necr      #####.....   38%         8    N/A

Dungeon Overview and Level Annotations

Branches:
Dungeon (15/15)            Temple (1/1) D:4            Lair (8/8) D:8
  Swamp (4/4) Lair:3        Snake (4/4) Lair:4        Slime (6/6) Lair:8
    Orc (4/4) D:9             Elf (3/3) Orc:4        Vaults (5/5) D:14
  Crypt (3/3) Vaults:3       Tomb (0/3) Crypt:3      Depths (5/5) D:15
    Zot (4/5) Depths:5

Altars:
Ashenzari
Cheibriados
Dithmenos
Elyvilon
Fedhas
Gozag
Kikubaaqudgha
Makhleb
Nemelex Xobeh
Okawaru
Qazlal
Ru
Sif Muna
Trog
Vehumet
Xom
Yredelemnul
Zin
The Shining One
Beogh
Jiyva

Shops:
D:9 %   D:10 *   Orc:1 [   Orc:2 }   Orc:3 *?   Orc:4 [%}?   Elf:1 }}
Snake:2 :=   Vaults:3 *   Vaults:4 !   Vaults:5 ?

Portals:
Hell: Depths:1 Depths:2 Depths:3 Depths:4 Depths:5
Abyss: Depths:2 Depths:4
Pandemonium: Orc:4 Depths:2 Depths:3 Depths:5
Ziggurat: Depths:2

Annotations:
D:4 exclusion: oklob plant, luca467's ghost, average DsMo
D:5 Sigmund
Slime:6 Royal Jelly


Innate Abilities, Weirdness & Mutations

You are under a permanent stasis effect.
You can dig through walls and to a lower floor.
Your four strong arms can wield two-handed weapons with a shield.
You have a pair of large antennae on your head (SInv).
You are clumsy. (Dex -2)
Your body sometimes deteriorates upon taking damage.
You can spit weak poison.


Message History

The acid burns!
You resist.
* * * LOW HITPOINT WARNING * * *
Evoke which item? (* to show all) (? for menu, Esc to quit)
Zapping:
W - a wand of heal wounds (1)
Press: ? - help, Shift-Dir - straight line, f - you You feel much better.
This wand has 0 charges left.
The acid blob spits acid at you. You block the splash of acid.
Read which item? (? for menu, Esc to quit)
As you read the scroll of fear, it crumbles to dust.
You assume a fearsome visage.
The acid blob resists with almost no effort. x4
The death ooze is unaffected.
The royal jelly resists with almost no effort.
The death ooze is unaffected. x2
The acid blob resists with almost no effort.
The acid blob hits you!!
* * * LOW HITPOINT WARNING * * *
You are splashed with acid!
The acid burns!
You resist.
You die...

.............................##
..............................###
..............................#.#
................................#
.................................
............JJJ..................
..............J..................
..............JJJ................
..............JJL................
.................................
........##.#.##..................
....######.####..................
....# .. ##.................
...## # ###............... ..##
#............... .##
##.............. ## #.
#..............


You could see the royal jelly, 5 acid blobs and 3 death oozes.

Vanquished Creatures
  3 ancient liches
  Mara (Swamp:4)
  Sojobo (Crypt:2)
  Margery (Crypt:1)
  Saint Roka (Elf:3)
  Vashnia (Snake:3)
  2 caustic shrikes
  5 golden dragons
  Nikola (Vaults:3)
  Jory (Vaults:4)
  2 bone dragons
  4 electric golems
  Jorgrun (Snake:3)
  12 tentacled monstrosities
  Asterion (Vaults:1)
  28 acid blobs
  7 titans
  3 deep elf blademasters
  9 liches
  5 quicksilver dragons
  10 death cobs
  2 deep elf master archers (Elf:3)
  Gastronok (D:10)
  4 ancient champions
  4 sphinxes
  6 tengu reavers
  Kirke (D:14)
  8 storm dragons
  A thorn hunter (Swamp:2)
  A tentacled starspawn (Abyss:1)
  7 shadow dragons
  11 greater nagas
  A storm dragon (shapeshifter) (Vaults:5)
  Roxanne (Snake:3)
  12 azure jellies
  A revenant (Crypt:3)
  3 draconian monks
  11 deep elf sorcerers
  Maud (Orc:4)
  7 draconian knights
  21 vault wardens
  4 orc warlords
  13 frost giants
  3 draconian scorchers
  Aizul (Elf:1)
  A curse skull (Crypt:3)
  3 ghost moths (Zot:4)
  16 fire giants
  4 ghouls
  2 draconian shifters (Zot:3)
  4 war gargoyles
  12 very ugly things
  3 spriggan defenders (Depths:5)
  14 ironheart preservers
  6 deep elf demonologists
  3 green draconians
  25 stone giants
  2 black draconians
  Nessos (Orc:3)
  9 deep elf annihilators
  6 vampire knights
  5 red draconians
  Azrael (D:12)
  2 salamander stormcallers
  3 white draconians
  A dire elephant (D:15)
  4 purple draconians
  3 eidola
  15 yellow draconians
  6 mottled draconians
  12 ettins
  8 jiangshi
  31 vault guards
  A blizzard demon (Depths:2)
  16 deep elf death magi
  A crystal guardian (Abyss:1)
  6 death oozes
  2 merfolk impalers (Depths:4)
  6 rakshasas
  Josephine (D:13)
  The ghost of 4thArraOfDagon the Cleaver, a powerful DDBe of Trog (Orc:4)
  A minotaur (Lab)
  4 deep elf high priests
  15 fire dragons
  14 ice dragons
  15 great orbs of eyes
  14 yaktaur captains
  5 entropy weavers
  3 spriggan air magi
  19 naga warriors
  14 anacondas
  3 death knights
  21 hydras
  3 catoblepae (Lair:8)
  An anaconda (shapeshifter) (Vaults:5)
  9 centaur warriors
  2 ghost crabs
  A merfolk aquamancer (Depths:5)
  A death yak (shapeshifter) (Depths:3)
  An alligator (shapeshifter) (Vaults:5)
  7 vampire magi
  16 dancing weapons (Elf:2)
  9 tengu warriors
  10 ogre magi
  2 titan zombies (Crypt:3)
  12 death yaks
  11 deep troll shamans
  20 naga sharpshooters
  7 alligators
  10 deep troll earth magi
  10 orc high priests
  2 soul eaters
  2 thrashing horrors (Abyss:1)
  Urug (D:11)
  6 shock serpents
  4 spriggan berserkers (Depths:5)
  9 hell knights
  25 deep elf knights
  5 spriggans
  4 shadow wraiths
  A titan skeleton (Depths:3)
  3 wretched stars (Abyss:1)
  17 skeletal warriors
  An ice devil (Orc:4)
  10 swamp dragons
  15 large abominations
  The ghost of 4thArraOfDagon the Thaumaturge, an experienced DEFE of Vehumet (D:9)
  2 salamander mystics
  13 spriggan druids
  8 sea snakes (Snake:4)
  A torturous demonspawn (Elf:1)
  3 wizards
  A golden dragon zombie (Depths:3)
  5 deep elf summoners
  A swamp dragon (shapeshifter) (Depths:5)
  A fire crab (Vaults:3)
  6 giant orange brains
  A lindwurm (shapeshifter) (Depths:2)
  8 starcursed masses (Abyss:1)
  10 flayed ghosts
  29 deep trolls
  9 naga ritualists
  An ice statue (IceCv)
  2 shambling mangroves
  A putrid demonspawn (Orc:4)
  An anubis guard (shapeshifter) (Depths:5)
  2 sphinx zombies (Depths:3)
  3 tengu zombies (Depths:3)
  An anaconda skeleton (Crypt:2)
  5 unseen horrors
  5 hornets
  7 hill giants
  12 necromancers
  3 manticores
  10 griffons
  25 orc knights
  A shining eye (shapeshifter) (Vaults:4)
  24 phantasmal warriors
  5 oklob plants (Zot:3)
  A lindwurm (Lair:2)
  2 stone giant zombies
  A harpy (shapeshifter) (Depths:2)
  17 ironbrand convokers
  5 harpies (Depths:5)
  36 ugly things
  4 cyclopes
  2 cyclopes (shapeshifter) (Vaults:4)
  2 frost giant zombies (Depths:3)
  15 deep elf conjurers
  10 shining eyes
  8 wolf spiders
  3 stone giant skeletons
  6 orc sorcerers
  A shadow dragon skeleton (Depths:3)
  7 mana vipers
  3 eyes of devastation
  2 rust devils (Depths:2)
  6 elephants (Lair:5)
  3 elf zombies
  18 salamanders
  36 black mambas
  A spriggan zombie (Depths:3)
  16 vault sentinels
  Maurice (Orc:3)
  A frost giant skeleton (Depths:3)
  3 sixfirhies
  19 spiny frogs
  A black mamba (shapeshifter) (Vaults:3)
  13 fire giant skeletons
  7 gargoyles
  17 moths of wrath
  An apocalypse crab (Abyss:1)
  22 naga magi
  A kobold demonologist (D:11)
  8 guardian serpents
  2 efreet
  49 yaktaurs
  2 shock serpent skeletons (Crypt:3)
  A demonic crawler (Abyss:1)
  5 komodo dragons
  5 orange demons
  4 fire drakes
  A guardian mummy (Crypt:1)
  A hellwing (Depths:2)
  3 merfolk
  12 freezing wraiths
  A red devil (Depths:2)
  4 tengu conjurers
  11 trolls
  14 deep elf priests
  6 giant leeches
  17 polar bears
  26 two-headed ogres
  A trapdoor spider zombie (Crypt:2)
  A queen bee (shapeshifter) (Vaults:5)
  A human simulacrum (Vaults:1)
  A two-headed ogre (shapeshifter) (Vaults:1)
  3 jumping spiders
  164 slime creatures
  A raiju (Abyss:1)
  30 blink frogs
  A harpy skeleton (Crypt:3)
  5 boulder beetles
  4 bog bodies
  A stone giant simulacrum (Vaults:2)
  6 shadows
  5 air elementals
  A tarantella (Vaults:4)
  20 redbacks
  4 water elementals
  30 deep elf magi
  4 wyverns
  A tarantella (shapeshifter) (Vaults:3)
  10 wraiths
  4 fire dragon skeletons (Crypt:3)
  2 ynoxinuls
  2 hogs (shapeshifter) (Vaults:3)
  57 yaks
  7 flying skulls
  Eustachio (D:5)
  A centaur simulacrum (D:15)
  A spriggan (shapeshifter) (Elf:2)
  48 vampire mosquitoes
  6 golden eyes
  9 vampires
  2 neqoxecs (Orc:4)
  Grum (D:11)
  4 basilisks
  A steam dragon (D:10)
  36 deep elf fighters
  3 fire elementals (D:12)
  10 hippogriffs
  A hill giant skeleton (Volcano)
  26 wolves
  Menkaure (Volcano)
  4 mottled dragons
  32 swamp worms
  Edmund (D:5)
  7 hungry ghosts
  4 insubstantial wisps (Swamp:2)
  A steam dragon (shapeshifter) (Depths:5)
  4 wargs
  8 hell hounds
  3 human zombies
  71 nagas
  A spiny frog zombie (Crypt:3)
  A warg (shapeshifter) (Vaults:4)
  18 porcupines
  9 swamp drakes
  15 small abominations
  A merfolk skeleton (Volcano)
  57 orc warriors
  16 ice beasts
  7 spiders (D:15)
  10 wasps
  A faun skeleton (Crypt:2)
  An anubis guard zombie (Crypt:1)
  15 water moccasins
  4 sky beasts
  2 black bears
  9 necrophages
  6 boggarts
  The ghost of luca467 the Insei, an average DsMo (D:3)
  2 phantoms
  An ogre (shapeshifter) (Vaults:2)
  3 manticore skeletons (Volcano)
  41 ogres
  A hog skeleton (Crypt:2)
  17 crocodiles
  18 eyes of draining
  A big kobold (shapeshifter) (Depths:5)
  A yaktaur skeleton (Vaults:1)
  22 centaurs
  A gnoll sergeant (D:8)
  A vine stalker skeleton (Crypt:1)
  20 giant frogs
  2 wyvern zombies
  An earth elemental (Lab)
  An elf skeleton (Abyss:1)
  2 big kobolds
  A scorpion (shapeshifter) (Vaults:3)
  5 scorpions
  42 killer bees
  17 wights
  A vampire bat (D:4)
  A troll skeleton (Volcano)
  2 electric eels
  A spriggan skeleton (Volcano)
  A polar bear skeleton (Crypt:2)
  A wolf skeleton (Crypt:1)
  A wolf zombie (Crypt:1)
  3 giant frog zombies
  6 crimson imps
  5 centaur zombies
  4 quasits
  2 giant frog skeletons
  4 centaur skeletons
  41 orc priests
  5 hounds
  48 jellies
  3 polar bear simulacra (Lair:2)
  2 hell rats (Lair:1)
  A gnoll shaman (D:9)
  11 iguanas
  2 human skeletons (Crypt:1)
  10 worker ants
  A two-headed ogre skeleton (Volcano)
  5 yak simulacra (Lair:2)
  34 orc wizards
  An ogre zombie (Crypt:2)
  40 sheep
  2 wolf simulacra (Lair:2)
  A felid skeleton (Crypt:2)
  3 ogre skeletons (Volcano)
  A naga skeleton (Volcano)
  A hound zombie (D:6)
  A hound skeleton (D:8)
  2 worker ant zombies
  9 mummies
  11 adders
  12 gnolls
  84 river rats
  4 shadow imps
  2 giant eyeballs (Depths:5)
  An ufetubus (Depths:2)
  3 white imps (Abyss:1)
  5 adder skeletons
  An adder zombie (D:7)
  12 worms
  5 giant geckos
  203 orcs
  2 bat skeletons (D:4)
  6 bat zombies
  4 hobgoblins
  7 jackals
  8 quokkas
  A ball python zombie (Crypt:1)
  11 bats
  8 giant cockroaches
  2 giant gecko skeletons
  A giant gecko zombie (D:8)
  4 giant newts
  6 goblins
  A goblin skeleton (Crypt:1)
  A goblin zombie (Crypt:1)
  A hobgoblin skeleton (Crypt:2)
  14 kobolds
  An orc skeleton (Crypt:2)
  7 rats
  A river rat simulacrum (Lair:2)
  8 crawling corpses
  A fire vortex (Vaults:2)
  4 fungi
  3 lost souls
  10 plants
  A starspawn tentacle (Abyss:1)
3233 creatures vanquished.

Vanquished Creatures (others)
  A draconian zealot (Zot:2)
  A wizard (Vaults:1)
  A wyvern (Slime:1)
  6 humans (D:14)
  A naga (Snake:2)
  A swamp worm (Swamp:2)
  A deep elf fighter (Vaults:1)
  3 insubstantial wisps (Swamp:4)
  A wasp (Swamp:4)
  An orc warrior (Vaults:5)
  2 small abominations (Abyss:1)
  A worm (D:4)
  An orc (D:8)
  3 kobolds (D:14)
  6 fungi
  6 lost souls
  11 plants
  A starspawn tentacle (Abyss:1)
  A starspawn tentacle segment (Abyss:1)
49 creatures vanquished.

Grand Total: 3282 creatures vanquished

Notes
Turn   | Place    | Note
--------------------------------------------------------------
     0 | D:1      | achirane the Formicid Fighter began the quest for the Orb.
     0 | D:1      | Reached XP level 1. HP: 18/18 MP: 1/1
   414 | D:1      | Reached XP level 2. HP: 8/24 MP: 2/2
  1011 | D:1      | Reached XP level 3. HP: 27/29 MP: 3/3
  1465 | D:2      | Found a white marble altar of Elyvilon.
  1615 | D:2      | Found a faded altar to an unknown god.
  2020 | D:2      | Reached skill level 4 in Axes
  2020 | D:2      | Reached XP level 4. HP: 33/35 MP: 4/4
  2326 | D:3      | Reached XP level 5. HP: 29/41 MP: 5/5
  2429 | D:3      | Noticed luca467's ghost (average DsMo)
  2448 | D:3      | Killed luca467's ghost
  2448 | D:3      | Reached skill level 5 in Axes
  2690 | D:3      | Reached XP level 6. HP: 47/47 MP: 6/6
  2882 | D:3      | Noticed a giant frog
  2889 | D:3      | Killed a giant frog
  2889 | D:3      | Reached skill level 6 in Axes
  3069 | D:4      | Found a glowing silver altar of Zin.
  3240 | D:4      | Noticed luca467's ghost (average DsMo)
  3366 | D:3      | Found a glowing silver altar of Zin.
  3442 | D:4      | Found a staircase to the Ecumenical Temple.
  3451 | Temple   | Entered the Ecumenical Temple
  3677 | D:4      | Found an ancient bone altar of Kikubaaqudgha.
  3709 | D:4      | Reached skill level 7 in Axes
  3709 | D:4      | Reached XP level 7. HP: 49/52 MP: 7/7
  4158 | D:4      | Found a shattered altar of Ashenzari.
  4278 | D:4      | Found a blossoming altar of Fedhas.
  4305 | D:4      | Noticed an oklob plant
  4376 | D:5      | Entered Level 5 of the Dungeon
  4574 | D:5      | Noticed Edmund
  4591 | D:5      | Killed Edmund
  4751 | D:5      | Reached skill level 8 in Axes
  4802 | D:5      | Noticed Eustachio
  4945 | D:5      | Killed Eustachio
  4945 | D:5      | Reached XP level 8. HP: 51/58 MP: 8/8
  5029 | D:5      | Noticed Sigmund
  5116 | D:6      | Found a radiant altar of Vehumet.
  5298 | D:6      | Reached skill level 9 in Axes
  5966 | D:6      | Found a white marble altar of Elyvilon.
  5968 | D:6      | Found a sacrificial altar of Ru.
  6117 | D:6      | Reached skill level 10 in Axes
  6650 | D:6      | Reached XP level 9. HP: 44/64 MP: 6/9
  7382 | D:7      | Found a stormy altar of Qazlal.
  7382 | D:7      | Found a snail-covered altar of Cheibriados.
  7382 | D:7      | Found an opulent altar of Gozag.
  7472 | D:7      | Reached skill level 11 in Axes
  8056 | D:6      | Found a sparkling altar of Nemelex Xobeh.
  8056 | D:6      | Found a blossoming altar of Fedhas.
  8059 | D:6      | Reached skill level 5 in Shields
  8096 | D:8      | Found a burning altar of Makhleb.
  8282 | D:8      | Found an iron altar of Okawaru.
  8289 | D:8      | Became a worshipper of Warmaster Okawaru
  8418 | D:8      | Reached skill level 5 in Fighting
  9125 | D:8      | Found a staircase to the Lair.
  9125 | D:8      | Noticed a komodo dragon
  9191 | D:8      | Killed a komodo dragon
  9191 | D:8      | Reached XP level 10. HP: 29/77 MP: 4/10
  9780 | D:8      | Acquired Okawaru's first power
  9934 | Lair:1   | Entered Level 1 of the Lair of Beasts
 10009 | Lair:1   | Noticed a spiny frog
 10031 | Lair:1   | Killed a spiny frog
 10847 | D:9      | Found Qif Hyn's Food Shoppe.
 10853 | D:9      | Found a staircase to the Orcish Mines.
 10929 | D:9      | Noticed 4thArraOfDagon's ghost (experienced DEFE)
 10962 | Orc:1    | Entered Level 1 of the Orcish Mines
 11936 | Orc:1    | Found Taorchaje's Armour Shoppe.
 11967 | Orc:1    | Bought the +0 cloak of Untold Secrets {rPois rCorr Stlth+} for 337 gold pieces
 12645 | Orc:3    | Found Kuijyele's Magic Scroll Emporium.
 12661 | Orc:3    | Bought a scroll of fog for 28 gold pieces
 12661 | Orc:3    | Bought a scroll of magic mapping for 49 gold pieces
 12661 | Orc:3    | Bought a scroll of identify for 28 gold pieces
 12794 | Orc:3    | Found Rucsih's Assorted Antiques.
 12801 | Orc:3    | Noticed Nessos
 12833 | Orc:3    | Killed Nessos
 12833 | Orc:3    | Reached skill level 10 in Fighting
 12833 | Orc:3    | Reached skill level 5 in Armour
 12833 | Orc:3    | Reached XP level 11. HP: 81/92 MP: 8/11
 12910 | Orc:3    | Noticed Maurice
 12952 | Orc:3    | Killed Maurice
 13432 | Orc:2    | Found Judgh's Quality Used Wands.
 13519 | Orc:2    | Found a roughly hewn altar of Beogh.
 14010 | Orc:4    | Entered Level 4 of the Orcish Mines
 14041 | Orc:4    | Noticed 4thArraOfDagon's ghost (powerful DDBe)
 14230 | Orc:4    | Noticed Maud
 14491 | D:9      | Killed 4thArraOfDagon's ghost
 14728 | D:9      | Noticed a gargoyle
 15014 | D:9      | Killed a gargoyle
 15973 | D:9      | Reached skill level 10 in Armour
 16089 | D:9      | Found a shadowy altar of Dithmenos.
 16180 | D:10     | Entered Level 10 of the Dungeon
 16603 | D:10     | Reached XP level 12. HP: 82/98 MP: 12/12
 17155 | D:10     | Found Porach's General Store.
 17169 | D:10     | Noticed Gastronok
 17299 | D:10     | Killed Gastronok
 17299 | D:10     | Reached skill level 12 in Armour
 17698 | D:11     | Noticed Grum
 17769 | D:11     | Killed Grum
 17769 | D:11     | Reached skill level 13 in Armour
 18147 | D:11     | Acquired Okawaru's second power
 18496 | D:11     | Reached skill level 14 in Armour
 18907 | D:11     | Reached XP level 13. HP: 98/104 MP: 13/13
 19386 | D:11     | You fall through a shaft for 3 floors!
 19775 | D:14     | Found a gate to the Vaults.
 19781 | D:14     | Noticed Kirke
 19817 | D:14     | Killed Kirke
 19817 | D:14     | Received a gift from Okawaru
 19818 | D:14     | Got a jewelled battleaxe {god gift}
 19819 | D:14     | Identified the +8 battleaxe of Ehipech {drain, Int+2 Dex+5} (Okawaru gifted it to you on level 14 of the Dungeon)
 20450 | D:13     | Found a shattered altar of Ashenzari.
 20457 | D:13     | Received a gift from Okawaru
 20458 | D:13     | Got an ebony battleaxe {god gift}
 20462 | D:13     | Identified the +0 battleaxe of Puschuubee {holy, +Fly rF+ Dex-4} (Okawaru gifted it to you on level 13 of the Dungeon)
 20740 | D:13     | Noticed Josephine
 20765 | D:13     | Killed Josephine
 20852 | D:11     | Noticed Urug
 21142 | D:11     | Killed Urug
 21453 | Orc:4    | Killed 4thArraOfDagon's ghost
 21517 | Orc:4    | Killed Maud
 21517 | Orc:4    | Reached XP level 14. HP: 84/111 MP: 10/14
 21652 | Orc:4    | Reached skill level 15 in Axes
 21784 | Orc:4    | Noticed an orc knight
 21807 | Orc:4    | Killed an orc knight
 21824 | Orc:4    | Found Zethrao's Magic Scroll Emporium.
 21897 | Orc:4    | Received a gift from Okawaru
 21900 | Orc:4    | Found Tiaz Atybar's Food Shoppe.
 22021 | Orc:4    | Noticed an ice devil
 22046 | Orc:4    | Killed an ice devil
 22182 | Orc:4    | Noticed an orc high priest
 22184 | Orc:4    | Noticed an orc sorcerer
 22216 | Orc:4    | Killed an orc high priest
 22222 | Orc:4    | Killed an orc sorcerer
 22272 | Orc:4    | Found a staircase to the Elven Halls.
 22644 | Orc:4    | Noticed an orc high priest
 22663 | Orc:4    | Killed an orc high priest
 22665 | Orc:4    | Noticed an orc knight
 22665 | Orc:4    | Gained mutation: You expend magic power (3 MP) to strengthen your wands. [a neqoxec]
 22679 | Orc:4    | Killed an orc knight
 22692 | Orc:4    | Noticed an orc knight
 22698 | Orc:4    | Killed an orc knight
 22698 | Orc:4    | Reached skill level 16 in Axes
 22710 | Orc:4    | Noticed an orc high priest
 22727 | Orc:4    | Killed an orc high priest
 22962 | Orc:4    | Noticed an orc knight
 22976 | Orc:4    | Killed an orc knight
 22984 | Orc:4    | Noticed an orc high priest
 22984 | Orc:4    | Noticed an orc high priest
 22992 | Orc:4    | Killed an orc high priest
 22996 | Orc:4    | Killed an orc high priest
 23134 | Orc:4    | Noticed an orc high priest
 23134 | Orc:4    | Noticed a torturous demonspawn
 23134 | Orc:4    | Noticed an orc sorcerer
 23141 | Orc:4    | Noticed an orc high priest
 23141 | Orc:4    | Noticed a putrid demonspawn
 23142 | Orc:4    | Noticed an orc high priest
 23144 | Orc:4    | Killed a putrid demonspawn
 23144 | Orc:4    | Received a gift from Okawaru
 23145 | Orc:4    | Killed an orc sorcerer
 23146 | Orc:4    | Noticed an orc high priest
 23182 | Elf:1    | Entered Level 1 of the Elven Halls
 23442 | Orc:4    | Noticed a stone giant
 23452 | Elf:1    | Killed a torturous demonspawn
 23614 | Orc:4    | Killed a stone giant
 23629 | Orc:4    | Killed an orc high priest
 23698 | Orc:4    | Killed an orc high priest
 23710 | Orc:4    | Killed an orc high priest
 23712 | Orc:4    | Found Xosiu's Gadget Boutique.
 23712 | Orc:4    | Found Educky's Antique Armour Shop.
 23712 | Orc:4    | Found a one-way gate leading to the halls of Pandemonium.
 23718 | Orc:4    | Killed an orc high priest
 23727 | Orc:4    | Bought a shimmering chain mail for 323 gold pieces
 23737 | Orc:4    | Identified the +7 chain mail of Birdsong {Str+4} (You bought it in a shop on level 4 of the Orcish Mines)
 24001 | Lair:1   | Noticed a black mamba
 24010 | Lair:1   | Killed a black mamba
 24137 | Lair:1   | Received a gift from Okawaru
 24144 | Lair:1   | Identified a +1 pair of boots of running (Okawaru gifted it to you on level 1 of the Lair of Beasts)
 24906 | Lair:2   | Found a labyrinth entrance.
 24915 | Lab      | Entered a labyrinth
 25227 | Lab      | Got a smoking jade ring
 25228 | Lab      | Got a tiger eye-encrusted leather armour
 25235 | Lab      | Identified Iskenderun's Incunabulum of Combat Magic
 25248 | Lair:2   | Identified the ring of Compulsion {EV+2 SInv} (You took it off a minotaur in a labyrinth)
 25263 | Lair:2   | Identified the +6 leather armour of the Blue Skies {*Contam Regen+ Int+4 Slay+3} (You took it off a minotaur in a labyrinth)
 25403 | Lair:2   | Got an iridescent shortbow
 25406 | Lair:2   | Identified the +10 shortbow of Guile {freeze, rF+ rN+ Str-3} (You found it on level 2 of the Lair of Beasts)
 25691 | Lair:2   | Reached XP level 15. HP: 108/124 MP: 13/15
 26404 | Lair:3   | Found a frozen archway.
 26469 | IceCv    | Entered an ice cave
 26785 | IceCv    | Noticed a frost giant
 26905 | IceCv    | Killed a frost giant
 26905 | IceCv    | Reached skill level 15 in Fighting
 27259 | Lair:3   | Found a staircase to the Swamp.
 27684 | Lair:3   | Upgraded the game from 0.17-a0-1793-gcbb3aa1 to 0.17-a0-1798-g879a7aa
 27767 | Lair:4   | Found a stormy altar of Qazlal.
 27916 | Lair:4   | Found a staircase to the Snake Pit.
 27922 | Lair:4   | Received a gift from Okawaru
 28035 | Lair:4   | Got a slimy long sword
 28036 | Lair:4   | Identified the +7 long sword of Instant Death {slice, rC+ Int+2 SInv} (You found it on level 4 of the Lair of Beasts)
 28303 | Lair:4   | You fall through a shaft for 3 floors!
 29456 | Lair:5   | Reached skill level 17 in Axes
 29739 | Lair:5   | Reached XP level 16. HP: 122/136 MP: 16/16
 31088 | Lair:8   | Entered Level 8 of the Lair of Beasts
 31184 | Lair:8   | Reached skill level 18 in Axes
 31192 | Lair:8   | Received a gift from Okawaru
 31465 | Lair:8   | Found a staircase to the Slime Pits.
 31466 | Lair:8   | Found a viscous altar of Jiyva.
 31625 | Lair:8   | Found a dark tunnel.
 31635 | Volcano  | Entered a volcano
 31808 | Volcano  | Noticed Menkaure
 31810 | Volcano  | Killed Menkaure
 32207 | Lair:8   | Identified Anigeppit's Incunabulum of Snow
 32373 | Lair:8   | Reached skill level 19 in Axes
 32932 | Lair:1   | Learned a level 2 spell: Repel Missiles
 32941 | Lair:1   | Learned a level 8 spell: Discord
 33491 | D:12     | Noticed Azrael
 33508 | D:12     | Killed Azrael
 34100 | D:13     | Reached XP level 17. HP: 140/142 MP: 17/17
 34377 | D:14     | Received a gift from Okawaru
 34883 | D:15     | Entered Level 15 of the Dungeon
 35203 | D:15     | Reached skill level 10 in Shields
 35395 | D:15     | Found a staircase to the Depths.
 35681 | Depths:1 | Entered Level 1 of the Depths
 35689 | Depths:1 | Found a gateway to Hell.
 35858 | Depths:1 | Reached skill level 20 in Axes
 36718 | Depths:2 | Received a gift from Okawaru
 36744 | Depths:2 | Got a jewelled war axe {god gift}
 36745 | Depths:2 | Identified the +8 war axe of Turmoil {freeze, rC- Str+2 Int+2 Dex+3} (Okawaru gifted it to you on level 2 of the Depths)
 36790 | Depths:2 | Found a gateway to a ziggurat.
 36933 | Depths:2 | Reached XP level 18. HP: 65/149 MP: 14/18
 37094 | Depths:2 | Received a gift from Okawaru
 37317 | Depths:2 | Reached skill level 15 in Shields
 37425 | Depths:2 | Found a one-way gate to the infinite horrors of the Abyss.
 37659 | Depths:2 | Reached skill level 1 in Charms
 37733 | Depths:2 | Found a runed door.
 38421 | Depths:2 | Got an encrusted leather armour
 38432 | Depths:2 | Identified the +5 leather armour of the Onion {-Cast rElec rF- MP+9} (You found it on level 2 of the Depths)
 39490 | Depths:3 | Noticed a lich
 39506 | Depths:3 | Killed a lich
 39514 | Depths:3 | Received a gift from Okawaru
 39772 | Depths:3 | Reached skill level 5 in Charms
 39882 | Depths:3 | Noticed a lich
 39892 | Depths:3 | Killed a lich
 39892 | Depths:3 | Reached XP level 19. HP: 114/159 MP: 19/19
 40848 | Depths:4 | Received a gift from Okawaru
 41684 | Depths:4 | Noticed a golden dragon
 42325 | Depths:4 | Killed a golden dragon
 42325 | Depths:4 | Reached XP level 20. HP: 148/174 MP: 20/20
 42483 | Depths:4 | Noticed a tentacled monstrosity
 42483 | Depths:4 | Noticed a golden dragon
 42492 | Depths:4 | Received a gift from Okawaru
 42504 | Depths:4 | Killed a tentacled monstrosity
 42506 | Depths:4 | Noticed a caustic shrike
 42506 | Depths:4 | Killed a golden dragon
 42511 | Depths:4 | Killed a caustic shrike
 42520 | Depths:4 | Got a steaming broad axe {god gift}
 42823 | Depths:4 | Identified the +11 broad axe "Jawev" {freeze, MR++ Str-4 Dex+4 SInv} (Okawaru gifted it to you on level 4 of the Depths)
 42882 | Depths:4 | Got a twisted glaive
 42883 | Depths:4 | Identified the +4 glaive of Spite {holy, Int+4 Stlth+} (You found it on level 4 of the Depths)
 43708 | Elf:1    | Found Veselask's Gadget Shoppe.
 43807 | Elf:1    | Noticed a deep elf sorcerer
 43814 | Elf:1    | Killed a deep elf sorcerer
 43814 | Elf:1    | Received a gift from Okawaru
 44034 | Elf:1    | Found Pulaemiw's Gadget Boutique.
 44359 | Elf:1    | Identified the Compendium of Evil Magic
 44388 | Elf:1    | Noticed Aizul
 44406 | Elf:1    | Killed Aizul
 44762 | Elf:2    | Found a magical portal.
 44789 | WizLab   | Entered Cigotuvi's Fleshworks
 44890 | Elf:2    | Found a runed gate.
 44890 | Elf:2    | Found a runed gate.
 44891 | Elf:2    | Found a runed gate.
 45404 | Elf:2    | You fall through a shaft!
 45404 | Elf:3    | Entered Level 3 of the Elven Halls
 46210 | Elf:3    | Noticed Saint Roka
 46228 | Elf:3    | Killed Saint Roka
 46228 | Elf:3    | Reached XP level 21. HP: 133/183 MP: 21/21
 46471 | Elf:3    | Received a gift from Okawaru
 46704 | Elf:3    | Reached skill level 21 in Shields
 46917 | Elf:3    | Got a faintly glowing lead ring
 46919 | Elf:3    | Identified the ring of Fodum {+Inv rPois rF+ MR++ Int-5} (You took it off a deep elf high priest on level 3 of the Elven Halls)
 46967 | Elf:3    | Received a gift from Okawaru
 46968 | Elf:3    | Got a scorched large shield {god gift}
 46985 | Elf:3    | Identified the -1 large shield of the Evening Star {rF++ rC+ Dex+3 Stlth-} (Okawaru gifted it to you on level 3 of the Elven Halls)
 47152 | Elf:3    | Got a scorched garnet amulet
 47208 | Elf:3    | Identified the amulet of Xom's Entertainment {Spirit +Inv MP-9 Stlth+} (You took it off a deep elf fighter on level 3 of the Elven Halls)
 47788 | Elf:3    | Got a smelly ice dragon armour
 47788 | Elf:3    | Got a heavily runed platinum ring
 47790 | Elf:3    | Identified the ring "Saimmyq" {Slay+3 Stlth-} (You took it off a deep elf master archer on level 3 of the Elven Halls)
 47801 | Elf:3    | Identified the +3 ice dragon armour "Vequd" {-Tele *Drain rPois rF- rC++ MP+9} (You took it off a deep elf master archer on level 3 of the Elven Halls)
 47834 | Elf:3    | Got a transparent ring mail
 47845 | Elf:3    | Identified the +5 ring mail of the Devil's Advocate {+Fly rN+ MR- Str+3} (You found it on level 3 of the Elven Halls)
 48999 | Snake:1  | Entered Level 1 of the Snake Pit
 49869 | Snake:2  | Found Caloc's Book Emporium.
 50069 | Snake:2  | Reached XP level 22. HP: 167/194 MP: 22/22
 50163 | Snake:2  | Found Gixzan's Jewellery Boutique.
 50628 | Snake:3  | Received a gift from Okawaru
 50729 | Snake:3  | Reached skill level 22 in Fighting
 51032 | Snake:3  | Found a basalt altar of Yredelemnul.
 51598 | Snake:3  | Noticed Jorgrun
 51609 | Snake:3  | Killed Jorgrun
 51703 | Snake:3  | Noticed Vashnia
 51763 | Snake:3  | Killed Vashnia
 51763 | Snake:3  | Reached skill level 10 in Charms
 51975 | Snake:3  | Noticed Roxanne
 52510 | Snake:3  | Killed Roxanne
 52547 | Snake:4  | Entered Level 4 of the Snake Pit
 52572 | Snake:4  | Received a gift from Okawaru
 52979 | Snake:4  | Reached skill level 23 in Fighting
 53466 | Snake:4  | Received a gift from Okawaru
 53466 | Snake:4  | Reached XP level 23. HP: 149/207 MP: 23/23
 53727 | Snake:4  | Got a serpentine rune of Zot
 54644 | Swamp:1  | Entered Level 1 of the Swamp
 55767 | Swamp:2  | Got a pair of dazzling gloves
 55778 | Swamp:2  | Identified the cursed +0 pair of gloves "Soggorurph" {rPois rF+ Dex-2} (You found it on level 2 of the Swamp)
 56346 | Swamp:3  | Received a gift from Okawaru
 56362 | Swamp:3  | Got a slimy shield {god gift}
 56373 | Swamp:3  | Identified the +3 shield "Saolos" {+Inv rC+ Dex+2} (Okawaru gifted it to you on level 3 of the Swamp)
 56738 | Swamp:4  | Entered Level 4 of the Swamp
 56819 | Swamp:4  | Reached skill level 15 in Armour
 57486 | Swamp:4  | Got a decaying rune of Zot
 57599 | Swamp:4  | Noticed Mara
 57893 | Swamp:4  | Killed Mara
 57896 | Swamp:4  | Killed Mara
 57897 | Swamp:4  | Noticed achirane's illusion
 57901 | Swamp:4  | Killed Mara
 57901 | Swamp:4  | Reached XP level 24. HP: 198/216 MP: 5/23
 58581 | Lair:1   | Learned a level 8 spell: Necromutation
 58816 | Vaults:1 | Entered Level 1 of the Vaults
 58865 | Vaults:1 | Reached skill level 1 in Necromancy
 58871 | Vaults:1 | Received a gift from Okawaru
 60164 | Vaults:1 | Noticed Asterion
 60176 | Vaults:1 | Killed Asterion
 60889 | Vaults:2 | Reached skill level 5 in Necromancy
 60892 | Vaults:2 | Received a gift from Okawaru
 60901 | Vaults:2 | Got a shimmering plate armour {god gift}
 60912 | Vaults:2 | Identified the +7 plate armour "Yxtadoug" {MP+9} (Okawaru gifted it to you on level 2 of the Vaults)
 61931 | Vaults:3 | Noticed Nikola
 61940 | Vaults:3 | Killed Nikola
 62319 | Vaults:3 | Reached XP level 25. HP: 223/223 MP: 23/23
 62461 | Vaults:3 | Found Zoyn's Assorted Antiques.
 62524 | Vaults:3 | Found a staircase to the Crypt.
 62665 | Vaults:4 | Found Ucofe's Distillery.
 62671 | Vaults:4 | Noticed Jory
 62690 | Vaults:4 | Killed Jory
 62990 | Vaults:4 | Gained mutation: You are frail (-10% HP). [a shining eye]
 62994 | Vaults:4 | Gained mutation: You occasionally shout uncontrollably at your foes. [a shining eye]
 63016 | Vaults:4 | Bought a potion of experience for 650 gold pieces
 63019 | Vaults:4 | Reached XP level 26. HP: 207/207 MP: 23/23
 63393 | Vaults:4 | Received a gift from Okawaru
 64991 | Depths:5 | Entered Level 5 of the Depths
 65064 | Depths:5 | Reached skill level 10 in Necromancy
 65099 | Depths:5 | Identified the Reference Book on Dusty Execration
 65136 | Depths:5 | Got a scintillating platinum ring
 65138 | Depths:5 | Identified the ring "Jineser" {rF+ rC- MP+9 AC+1 Dex+6} (You found it on level 5 of the Depths)
 65184 | Depths:5 | Got a brightly glowing marble ring
 65189 | Depths:5 | Identified the ring "Exo Deesa" {Wiz +Inv Int+2} (You found it on level 5 of the Depths)
 65567 | Depths:5 | Reached XP level 27. HP: 179/213 MP: 23/23
 65598 | Depths:5 | Got a translucent silver amulet
 65746 | Depths:5 | Identified the amulet of the Hundredfold Wishes {rCorr rElec rF+ Int+2 Dex+3} (You took it off a frost giant on level 5 of the Depths)
 65758 | Depths:5 | Found a shadowy altar of Dithmenos.
 65788 | Depths:5 | Got a smoking gossamer ring
 65799 | Depths:5 | Received a gift from Okawaru
 66012 | Depths:5 | Received a gift from Okawaru
 66022 | Depths:5 | Got an ivory broad axe {god gift}
 66023 | Depths:5 | Identified the +2 broad axe of Optimality {chop, rN+ MP+9 Str-5} (Okawaru gifted it to you on level 5 of the Depths)
 66395 | Depths:5 | Got a ring of the Octopus King
 66570 | Depths:5 | Identified the ring "Yliurch" {rF+ rN+ Slay+5 Stlth+} (You took it off a fire giant on level 5 of the Depths)
 66620 | Depths:5 | Found a gate to the Realm of Zot.
 66831 | Depths:5 | Received a gift from Okawaru
 67546 | Orc:2    | Bought a wand of heal wounds (0) for 288 gold pieces
 67634 | Lair:1   | Lost mutation: You are frail (-10% HP). [potion of cure mutation]
 67634 | Lair:1   | Lost mutation: You expend magic power (3 MP) to strengthen your wands. [potion of cure mutation]
 67634 | Lair:1   | Lost mutation: You occasionally shout uncontrollably at your foes. [potion of cure mutation]
 67689 | Lair:1   | Upgraded the game from 0.17-a0-1798-g879a7aa to 0.17-a0-1804-gf6433eb
 68067 | Crypt:1  | Entered Level 1 of the Crypt
 68143 | Crypt:1  | Reached skill level 15 in Necromancy
 68207 | Crypt:1  | Noticed Margery
 68226 | Crypt:1  | Killed Margery
 68661 | Crypt:2  | Noticed Sojobo
 68744 | Crypt:2  | Killed Sojobo
 69230 | Crypt:3  | Entered Level 3 of the Crypt
 69308 | Crypt:3  | Reached skill level 5 in Transmutations
 69309 | Crypt:3  | Received a gift from Okawaru
 70072 | Crypt:3  | Found a staircase to the Tomb.
 70072 | Crypt:3  | Noticed an ancient lich
 70085 | Crypt:3  | Killed an ancient lich
 70373 | Crypt:3  | Reached skill level 10 in Transmutations
 70571 | Crypt:3  | Found an ancient bone altar of Kikubaaqudgha.
 70590 | Crypt:3  | Noticed an ancient lich
 70601 | Crypt:3  | Killed an ancient lich
 71877 | Vaults:5 | Entered Level 5 of the Vaults
 71921 | Vaults:5 | Received a gift from Okawaru
 71934 | Vaults:5 | Noticed an ancient lich
 71939 | Vaults:5 | Reached skill level 15 in Transmutations
 71949 | Vaults:5 | Cast into the Abyss (a deep elf sorcerer)
 72400 | Abyss:1  | Found a shimmering altar of Xom.
 72421 | Abyss:1  | Found a shimmering altar of Xom.
 72463 | Abyss:1  | Found a corrupted altar of Lugonu.
 72507 | Abyss:1  | Found a corrupted altar of Lugonu.
 72679 | Abyss:1  | Found a corrupted altar of Lugonu.
 72823 | Vaults:5 | Escaped the Abyss
 72833 | Vaults:5 | Killed an ancient lich
 73103 | Vaults:4 | Received a gift from Okawaru
 73110 | Vaults:4 | Got an ancient ring mail {god gift}
 73483 | Vaults:4 | Identified the +1 ring mail "Mapredic" {+Blink rElec rC+ Slay-4} (Okawaru gifted it to you on level 4 of the Vaults)
 73899 | Vaults:5 | Got a bound jade amulet
 73916 | Vaults:5 | Got a silver rune of Zot
 73926 | Vaults:5 | Identified the Grimoire of Moulding and the Rocks
 73936 | Vaults:5 | Identified Ischill's Almanac of the Traveller and Companions
 74047 | Vaults:5 | Got a glittering glass ring
 74185 | Vaults:5 | Identified the amulet "Caqu" {Faith rPois rF+ Str+4 Dex-3} (You took it off a yaktaur captain on level 5 of the Vaults)
 74191 | Vaults:5 | Identified the ring of Ekhlyp Samuu {EV+1 Str+3} (You took it off a yaktaur on level 5 of the Vaults)
 74197 | Vaults:5 | Identified a +8 rod of the swarm (10/10) (You found it on level 5 of the Vaults)
 74266 | Vaults:5 | Got an encrusted scale mail {god gift}
 74283 | Vaults:4 | Identified the +1 scale mail of Eternal Night {*Corrode rPois Str+5} (Okawaru gifted it to you on level 5 of the Vaults)
 74601 | Vaults:5 | Identified the Papyrus of the Many Ghosts
 74820 | Vaults:5 | Found Otasy's Magic Scroll Shoppe.
 74846 | Vaults:5 | Identified the Incunabulum of Supportive Moulding (You found it on level 5 of the Vaults)
 75022 | Vaults:5 | Got a brightly glowing lapis lazuli ring
 75049 | Vaults:5 | Identified the ring "Uvav" {rElec EV+2 Int+4} (You found it on level 5 of the Vaults)
 76014 | Zot:1    | Entered Level 1 of the Realm of Zot
 76126 | Zot:1    | Received a gift from Okawaru
 77536 | Zot:1    | You fall through a shaft!
 78931 | Zot:3    | Received a gift from Okawaru
 80315 | Zot:4    | Reached skill level 1 in Spellcasting
 80570 | Zot:4    | Received a gift from Okawaru
 80571 | Zot:4    | Got an iridescent battleaxe {god gift}
 80577 | Zot:4    | Reached skill level 5 in Spellcasting
 80579 | Zot:4    | Identified the +6 battleaxe of Dullness {chop, MR- Str+6 Dex+2} (Okawaru gifted it to you on level 4 of the Realm of Zot)
 81742 | Slime:1  | Entered Level 1 of the Pits of Slime
 83031 | Slime:3  | Gained mutation: You are clumsy. (Dex -2) [mutagenic glow]
 83058 | Slime:3  | Gained mutation: Your body sometimes deteriorates upon taking damage. [mutagenic glow]
 83956 | Slime:3  | Received a gift from Okawaru
 83966 | Slime:3  | Reached skill level 10 in Spellcasting
 84384 | Slime:5  | Found a viscous altar of Jiyva.
 85469 | Slime:6  | Entered Level 6 of the Pits of Slime
 85491 | Slime:6  | Received a gift from Okawaru
 85492 | Slime:6  | Got a translucent scale mail {god gift}
 86206 | Slime:6  | Gained mutation: You can spit weak poison. [a shining eye]
 86896 | Slime:6  | Found a viscous altar of Jiyva.
 86975 | Slime:6  | Noticed the royal jelly
 87014 | Slime:6  | HP: 10/237 [acid[the royal jelly] (6)]
 87014 | Slime:6  | HP: 4/237 [acid[the royal jelly] (5)]
 87016 | Slime:6  | Splashed by an acid blob's acid

Vault maps used:
D:1:      dpeg_arrival_erosion, minmay_misc_feat_diagonals
D:2:      kennysheep_six_static_rooms, ecumenical_altar_2, serial_bayou,
          serial_bayou_crossing, serial_bayou_pond_b, serial_bayou_shore_a,
          serial_bayou_ford_a, elyvilon_altar_5
D:3:      lemuel_upstairs_altar, first_bread, minmay_unequal
D:4:      ashenzari_conservatory_becter, kennysheep_vampire_church, zin_academy,
          lemuel_temple_firewalk_marked, tgw_fedhas
D:5:      grunt_decor_cap, uniq_eustachio, uniq_edmund, uniq_sigmund
D:6:      nicolae_ru_great_annihilating_truth, nicolae_overflow_hidden_temple,
          serial_corexii_hall, corexii_hall_statues_u, corexii_hall_statues_l,
          basic_altar
D:7:      gammafunk_temple_overflow_forgotten
D:8:      nicolae_overflow_crystal_walls, david_lair_shrubbed, basic_altar
D:9:      nicolae_dithmenos_the_darkroom, orc_0_dummy, serial_shops, shop
D:10:     minmay_goldmine, serial_shops, nicolae_shop_crystal, uniq_gastronok
D:11:     minmay_opposing_rooms, hangedman_fish_farm, uniq_urug, uniq_grum
D:12:     minmay_misc_feat_iff, uniq_azrael
D:13:     grunt_ministairs_6, nicolae_ashenzari_panopticon, uniq_josephine
D:14:     david_vaults_2, dk_noncrumbling_2, uniq_kirke
D:15:     hangedman_depths_entry_try_elsewhere_first,
          hangedman_decor_clover_reticule, spider_trap, st_stairs_4
Temple:   temple_island_7
Lair:1:   kennysheep_rathole, nicolae_quartered_pool_little
Lair:2:   lab_entry_generic, eino_house_with_fridge, lemuel_fruit_tree
Lair:3:   swamp_mist, portal_ice_cave_entry_ice_beasts
Lair:4:   guppyfry_snake_entry_garden, basic_altar
Lair:5:   st_stairs_8
Lair:6:   lemuel_fruit_fields, serial_bayou_shore_b
Lair:8:   evilmike_catoblepas_cave, slime_altar_1,
          lightli_volcano_entry_magma_tube, worms_lemuel
Swamp:1:  nicolae_swamp_very_dense_foliage, swamp_pool3, roderic_carrion_pond
Swamp:2:  hangedman_swamp_ruin_wall
Swamp:3:  evilmike_swamp_ruin_rubble_2, infiniplex_staircase_pool
Swamp:4:  swamp_alternative, uniq_mara
Snake:2:  serial_shops, nicolae_shop_window_shopping, shop
Snake:3:  nicolae_snake_hallway, basic_altar, grunt_ministairs_13, uniq_jorgrun,
          uniq_roxanne, uniq_vashnia
Snake:4:  grunt_snake_rune_pools, nicolae_snake_biting_tails
Slime:5:  basic_altar, cheibrodos_slime_lost_civilization_6
Orc:1:    serial_shops, nicolae_shop_window_shopping
Orc:2:    basic_altar, nicolae_for_you_no_charge
Orc:3:    serial_shops, shop, nicolae_shop_trees, nicolae_orc_pool_cavern,
          uniq_maurice, uniq_nessos
Orc:4:    pf_orc_diabolical, library_closet, uniq_maud
Elf:1:    eino_elf_arrival_shootout, serial_shops, shop, nicolae_shop_trees,
          minmay_elf_necromancy, uniq_aizul
Elf:2:    infiniplex_enter_wizlab_glasses
Elf:3:    grunt_elf_hall_asides, uniq_saint_roka
Vaults:1: vaults_room_grunt_arrival_ludios, st_star, grunt_vaults_funnel,
          vaults_mumra_minichess, vaults_room_ringed_pool,
          hangedman_vaults_snaps, ontoclasm_vaults_spin, nicolae_vaults_theta,
          ontoclasm_vaults_fault, nicolae_vaults_little_squares_4,
          dpeg_vaults_monster_box, uniq_asterion
Vaults:2: v_misc_16, v_misc_25, v_misc_18, v_rooms_2, v_misc_30,
          vaults_dpeg_ring, nicolae_vaults_asterisk, vaults_room_grid,
          ontoclasm_vaults_shuriken
Vaults:3: grunt_vaults_hallway_long, minmay_crypt_entry_nasty_monster,
          v_misc_29, v_misc_33, special_room_vaults, hangedman_vaults_locks,
          nicolae_vaults_what_the_h, vaults_mumra_hex,
          nicolae_vaults_hallways_thing, v_misc_28, serial_shops, shop_statue,
          uniq_nikola
Vaults:4: ontoclasm_vaults_water_temple, hangedman_vaults_capsules,
          nicolae_vaults_circle_grid_a, hangedman_vaults_impose, v_misc_33,
          v_pattern_3, nicolae_vaults_three_branches, vaults_room_door_ring,
          nicolae_vaults_rhombus_7, nicolae_vaults_border_crossing,
          hangedman_vaults_trim, nicolae_vaults_diagonal_hallway_8,
          serial_shops, shop, uniq_jory
Crypt:1:  grunt_crypt_arrival_guarded_gate, uniq_margery
Crypt:2:  uniq_sojobo
Crypt:3:  quadcrypt_mu
Depths:1: hell_entry, abandoned_shop, roderic_filled_cross, evilmike_butchery
Depths:2: mludivico_vault, enter_ziggurat_d, abyss_entry,
          grunt_pan_entry_zigzag, hangedman_geh_valley,
          small_chamber_with_monster, minmay_staircase_statues
Depths:3: hangedman_screamer, hell_entry, pan_entry,
          minmay_staircase_windowed_small, kennysheep_island_fort
Depths:4: kennysheep_green_arena, abyss_entry_small_statue_room, pf_coc_iceberg,
          grunt_decor_resistance
Depths:5: hangedman_spin_cycle, pan_entry, hell_entry
Zot:2:    st_stairs_7, bh_zot_levy_curve, grunt_megastairs_3
Zot:3:    lemuel_acid_trip, lemuel_elevator
Zot:4:    grunt_megastairs_2
Lab:      nicolae_lab_dead_adventurers, nicolae_lab_garden, lab_statue,
          labyrinth_skeletal_remains
IceCv:    ice_cave_small_giant
Volcano:  volcano_tomb
WizLab:   wizlab_cigotuvi

Action                   |  1- 3 |  4- 6 |  7- 9 | 10-12 | 13-15 | 16-18 | 19-21 | 22-24 | 25-27 || total
-------------------------+-------+-------+-------+-------+-------+-------+-------+-------+-------++-------
Melee: War axe           |   128 |    95 |   350 |  1055 |   110 |    29 |       |       |       ||  1767
       Long sword        |       |       |       |    58 |       |       |       |       |       ||    58
       Battleaxe         |       |       |       |       |   969 |  1245 |   498 |   141 |    68 ||  2921
       Unarmed           |       |       |       |       |    19 |       |       |       |       ||    19
       Broad axe         |       |       |       |       |     2 |       |   613 |  1438 |  2161 ||  4214
       Executioner's axe |       |       |       |       |       |       |       |       |   462 ||   462
       Great mace        |       |       |       |       |       |       |       |       |     6 ||     6
 Fire: Hunting sling     |     2 |    10 |    77 |   168 |     9 |       |       |       |       ||   266
       Blowgun           |       |       |       |    35 |    14 |     1 |       |       |       ||    50
Throw: Stone             |       |     1 |       |       |       |       |       |       |       ||     1
       Tomahawk          |       |       |     6 |    18 |       |       |       |       |       ||    24
       Javelin           |       |       |       |       |    40 |    66 |    34 |    17 |    99 ||   256
 Cast: Repel Missiles    |       |       |       |       |       |       |     3 |     2 |     5 ||    10
       Necromutation     |       |       |       |       |       |       |       |       |    46 ||    46
Invok: Heroism           |       |       |       |    18 |    18 |     3 |     7 |     5 |    27 ||    78
 Abil: Dig               |       |     1 |     1 |    20 |    12 |    12 |    23 |    12 |    12 ||    93
       Shaft Self        |       |       |       |       |     1 |       |     1 |       |       ||     2
Evoke: Wand              |       |       |     1 |     2 |       |       |       |     7 |    12 ||    22
  Use: Scroll            |       |     3 |     5 |     8 |     7 |     4 |     7 |    10 |    36 ||    80
       Potion            |       |     1 |     1 |     3 |     1 |     1 |     1 |     1 |     9 ||    18
 Stab: Distracted        |       |       |     1 |     1 |       |       |       |       |     4 ||     6
       Paralysed         |       |       |     1 |       |       |       |       |       |       ||     1
       Confused          |       |       |       |       |       |       |       |     4 |       ||     4
  Eat: Chunk             |     4 |     4 |    17 |    32 |    36 |    35 |    36 |    27 |    64 ||   255
       Fruit             |       |       |     1 |       |     5 |       |       |       |     1 ||     7
       Beef jerky        |       |       |     1 |       |       |       |       |     1 |       ||     2
       Bread ration      |       |       |       |     1 |       |       |       |     2 |     6 ||     9
       Meat ration       |       |       |       |       |       |       |       |     1 |     3 ||     4
       Royal jelly       |       |       |       |       |       |       |       |       |     1 ||     1
